 Dungeon Crawl Stone Soup version 0.19.4 (webtiles) character file.

7658 aeluma the Thaumaturge (level 10, -2/50 HPs)
             Began as a Deep Elf Conjurer on Jan 5, 2017.
             Was a Believer of Vehumet.
             Slain by a yak (16 damage)
             ... on level 8 of the Dungeon on Feb 1, 2017.
             The game lasted 00:42:16 (12954 turns).

aeluma the Thaumaturge (Deep Elf Conjurer)         Turns: 12954, Time: 00:42:17

Health: -2/50      AC:  4    Str:  6    XL:     10   Next: 99%
Magic:  38/38      EV: 13    Int: 23    God:    Vehumet [**....]
Gold:   319        SH:  6    Dex: 15    Spells: 4 memorised, 25 levels left

rFire  . . .     SeeInvis .     Z - staff of poison
rCold  . . .     Gourm    .     a - +0 robe
rNeg   . . .     Faith    .     y - +1 buckler
rPois  +         Spirit   .     (no helmet)
rElec  .         Reflect  .     W - +0 cloak
rCorr  .         Harm     .     (no gloves)
MR     ++...                    P - +0 pair of boots
Stlth  ++........               J - amulet of rage
                                Q - ring of protection from magic
                                l - ring of magical power

@: no status effects
A: no striking features
a: Renounce Religion, Evoke Berserk Rage


You were on level 8 of the Dungeon.
You worshipped Vehumet.
Vehumet was pleased with you.
You were not hungry.

You visited 3 branches of the dungeon, and saw 11 of its levels.
You also visited: Sewer.

You collected 488 gold pieces.
You spent 169 gold pieces at shops.

Inventory:

Hand Weapons
 k - a +1 dagger of venom
 X - a +0 rapier
Armour
 a - a +0 robe (worn)
 y - a +1 buckler (worn)
 P - a +0 pair of boots (worn)
 W - a +0 cloak (worn)
Magical Staves
 Z - an uncursed staff of poison (weapon)
Jewellery
 l - a ring of magical power (left hand)
 p - an uncursed ring of magical power
 J - an amulet of rage (around neck)
 L - an uncursed ring of resist corrosion
 O - a +3 ring of dexterity
 Q - a ring of protection from magic (right hand)
Wands
 o - a wand of acid (11/15)
 B - a wand of disintegration (11/24)
 R - a wand of polymorph (14/24)
 T - a wand of flame (23/48)
 U - a wand of iceblast (10/15)
 V - a wand of lightning (3/15)
Scrolls
 e - 5 scrolls of remove curse
 j - a scroll of recharging
 m - 8 scrolls of teleportation
 s - 3 scrolls of amnesia
 v - a scroll of enchant armour
 D - a scroll of silence {unknown}
 E - 2 scrolls of magic mapping
 F - 3 scrolls of summoning {unknown}
 K - 2 scrolls of enchant weapon
Potions
 f - 2 potions of heal wounds
 h - a potion of haste {unknown}
 n - 5 potions of curing
 r - a potion of beneficial mutation {unknown}
 t - 3 potions of berserk rage
 u - 5 potions of agility
 w - 2 potions of invisibility
 x - 5 potions of flight
 z - a potion of brilliance {unknown}
 A - 2 potions of degeneration {unknown}
 C - a potion of resistance {unknown}
 G - 2 potions of cancellation
 M - a potion of mutation {unknown}
 N - a potion of magic
 S - 2 potions of lignification
Books
 b - a book of Conjurations

   Spells                             Type                      Level
   a - Magic Dart                     Conjuration                  1
   b - Searing Ray                    Conjuration                  2
   c - Dazzling Spray                 Conjuration/Hexes            3
   d - Fulminant Prism                Conjuration/Hexes            4
   e - Iskenderun's Mystic Blast      Conjuration                  4
   f - Iskenderun's Battlesphere      Conjuration/Charms           5
 g - a book of Cantrips

   Spells                             Type                      Level
   a - Confusing Touch                Hexes                        1
   b - Animate Skeleton               Necromancy                   1
   c - Summon Small Mammal            Summoning                    1
   d - Apportation                    Translocation                1
 I - a book of Changes

   Spells                             Type                      Level
   a - Beastly Appendage              Transmutation                1
   b - Sticks to Snakes               Transmutation                2
   c - Spider Form                    Transmutation/Poison         3
   d - Ice Form                       Ice/Transmutation            4
   e - Blade Hands                    Transmutation                5
Comestibles
 c - 6 bread rations
 d - 3 meat rations
 i - a beef jerky
 q - 4 slices of pizza
 Y - 2 royal jellies


   Skills:
 + Level 2.4 Dodging
 - Level 2.4 Stealth
 - Level 5.0 Shields
 + Level 13.8 Spellcasting
 + Level 12.2 Conjurations
 + Level 5.8 Charms


You had 25 spell levels left.
You knew the following spells:

 Your Spells              Type           Power        Failure   Level  Hunger
a - Magic Dart            Conj           ####         1%          1    None
b - Iskenderun's Mystic   Conj           ######..     1%          4    None
c - Iskenderun's Battles  Conj/Chrm      ######..     2%          5    ###....
d - Sting                 Conj/Pois      ####         1%          1    None


Dungeon Overview and Level Annotations

Branches:
Dungeon (9/15)             Temple (1/1) D:6            Lair (1/6) D:8
    Orc: D:9-12

Altars:
Ashenzari
Cheibriados
Dithmenos
Fedhas
Gozag
Hepliaklqana
Kikubaaqudgha
Makhleb
Nemelex Xobeh
Okawaru
Qazlal
Ru
Trog
Uskayaw
Vehumet
Xom
Yredelemnul
Zin
The Shining One

Shops:
D:6 !

Annotations:
D:4 Mefis's ghost, novice DEWz
D:9 Erolcha; Prince Ribbit


Message History

Your Shields skill increases to level 5!
You start resting.
Magic restored.
You start resting.
HP restored.
Wear which item? (? for menu, Esc to quit)
You start putting on your armour.
You continue putting on your buckler. x4
You finish putting on your +1 buckler.
You climb downwards.
Welcome back to the Lair of Beasts!
The yak closely misses you. x2; The yak gores you!
There is a staircase back to the Dungeon here.
Okay, then.
The yak gores you! x3
* * * LOW HITPOINT WARNING * * *
You climb upwards.
Welcome back to the Dungeon!
There is a staircase to the Lair here.
You feel much better. The yak gores you. The yak gores you!
* * * LOW HITPOINT WARNING * * *
The yak closely misses you. The yak gores you!
You die...

.##########.....# #.(#.#.#
.....(.####.....# ##.#.#.#
..####.#..'.....# #...#.# ..#
#.#.##.....## ##..#.## ..#
#...........# #..#.#. ..#
##[).≈≈.....# #.>..#. ..#
#)...≈.....# ######. ..#
#(.......YY# #. ..#
#.........@# #. #.#
#........YY# #. #.#
############ #. #.# #########
#. #.#
###.......###############.
#.#
####[........................
#.#
#..#.#.#####.################
#.# #..#.#.....#.###...# #.#
#..#.......#.....#.#


You could see 4 yaks.

Vanquished Creatures
  The ghost of Thomus the Magician, a novice DsWz of Nemelex Xobeh (D:8)
  A rime drake (D:8)
  3 komodo dragons (Lair:1)
  8 blink frogs (Lair:1)
  2 hippogriffs (Lair:1)
  2 basilisks (Lair:1)
  2 hungry ghosts
  3 water moccasins (Lair:1)
  A porcupine (Lair:1)
  2 ice beasts
  An orc warrior (D:7)
  An eye of draining (D:7)
  A necrophage (D:5)
  7 ogres
  3 centaurs (D:7)
  2 crocodiles (Lair:1)
  A big kobold (D:8)
  8 bullfrogs
  A water moccasin skeleton (D:7)
  A scorpion (D:6)
  5 killer bees (D:7)
  4 crimson imps
  3 hounds
  A jelly (D:5)
  4 orc priests
  Ijyb (D:2)
  3 iguanas
  3 worker ants (D:8)
  Natasha (D:2)
  4 orc wizards
  A hound zombie (D:8)
  9 adders
  7 gnolls
  5 oozes
  5 worms
  2 dart slugs
  10 leopard geckos
  25 orcs
  3 ball pythons
  6 giant cockroaches
  11 goblins
  8 hobgoblins
  4 jackals (Sewer)
  10 kobolds
  5 quokkas
  A ball python skeleton (D:4)
  15 bats
  4 frilled lizards
  A leopard gecko skeleton (D:6)
  A quokka skeleton (D:7)
  A quokka zombie (D:3)
  11 rats
225 creatures vanquished.

Notes
Turn   | Place    | Note
-------+----------+-------------------------------------------
     0 | D:1      | aeluma the Deep Elf Conjurer began the quest for the Orb.
     0 | D:1      | Reached XP level 1. HP: 10/10 MP: 6/6
   347 | D:1      | Reached XP level 2. HP: 15/15 MP: 6/8
   710 | D:1      | Reached skill level 4 in Spellcasting
  1020 | D:1      | Reached XP level 3. HP: 19/19 MP: 3/10
  1025 | D:1      | Reached skill level 5 in Conjurations
  1920 | D:2      | Noticed Ijyb
  1927 | D:2      | Killed Ijyb
  1927 | D:2      | Reached XP level 4. HP: 24/24 MP: 12/12
  2061 | D:2      | Found a shadowy altar of Dithmenos.
  2124 | D:2      | Reached skill level 5 in Spellcasting
  2499 | D:2      | Noticed Natasha
  2507 | D:2      | Killed Natasha
  2876 | D:2      | Upgraded the game from 0.19.1-1-g22dce08 to 0.19.4
  3255 | D:3      | Reached XP level 5. HP: 27/28 MP: 15/15
  3870 | D:3      | Learned a level 4 spell: Iskenderun's Mystic Blast
  3890 | D:3      | Reached skill level 6 in Spellcasting
  4392 | D:4      | Found a hide-covered altar of Uskayaw.
  4392 | D:4      | Found a sacrificial altar of Ru.
  4393 | D:4      | Found a glowing silver altar of Zin.
  4412 | D:4      | Reached XP level 6. HP: 30/32 MP: 14/17
  4621 | D:4      | Reached skill level 7 in Spellcasting
  4754 | D:4      | Noticed Mefis's ghost (novice DEWz)
  4894 | D:4      | Found a glowing drain.
  4931 | Sewer    | Entered a sewer
  5778 | D:4      | Reached XP level 7. HP: 36/36 MP: 20/20
  5801 | D:4      | Reached skill level 8 in Spellcasting
  6628 | D:5      | Entered Level 5 of the Dungeon
  7363 | D:6      | Reached skill level 9 in Spellcasting
  7448 | D:6      | Reached XP level 8. HP: 41/41 MP: 23/23
  7688 | D:6      | Found a staircase to the Ecumenical Temple.
  7696 | Temple   | Entered the Ecumenical Temple
  7868 | Temple   | Became a worshipper of Vehumet
  7982 | D:6      | Reached skill level 10 in Spellcasting
  8045 | D:6      | Found Suacrah's Distillery.
  8053 | D:6      | Bought a potion of magic for 104 gold pieces
  8053 | D:6      | Bought a potion of heal wounds for 65 gold pieces
  8732 | D:7      | Reached skill level 11 in Spellcasting
  9160 | D:7      | Reached skill level 10 in Conjurations
  9160 | D:7      | Reached XP level 9. HP: 29/45 MP: 26/26
  9519 | D:7      | Reached * piety under Vehumet
  9519 | D:7      | Offered knowledge of Sting by Vehumet.
 10017 | D:8      | Noticed Thomus's ghost (novice DsWz)
 10123 | D:8      | Found an opulent altar of Gozag.
 10126 | D:8      | Found an iron altar of Okawaru.
 10126 | D:8      | Found a shimmering altar of Xom.
 10126 | D:8      | Found a sparkling altar of Nemelex Xobeh.
 10154 | D:8      | Reached skill level 1 in Shields
 10154 | D:8      | Reached skill level 12 in Spellcasting
 10745 | D:8      | Killed Thomus's ghost
 10965 | D:8      | Learned a level 5 spell: Iskenderun's Battlesphere
 10967 | D:8      | Learned a level 1 spell: Sting
 10967 | D:8      | Found a staircase to the Lair.
 11341 | D:9      | Noticed Erolcha
 11347 | D:9      | Noticed Prince Ribbit
 11457 | Lair:1   | Entered Level 1 of the Lair of Beasts
 11508 | Lair:1   | Noticed a komodo dragon
 11510 | Lair:1   | Reached XP level 10. HP: 50/50 MP: 24/28
 11646 | Lair:1   | Reached skill level 1 in Charms
 11737 | Lair:1   | Reached skill level 13 in Spellcasting
 11949 | Lair:1   | Noticed a spiny frog
 11974 | Lair:1   | Offered knowledge of Flame Tongue by Vehumet.
 12207 | Lair:1   | Reached ** piety under Vehumet
 12517 | Lair:1   | Reached skill level 5 in Charms
 12812 | D:8      | Reached skill level 5 in Shields
 12954 | D:8      | Slain by a yak

Skill      XL: |  1  2  3  4  5  6  7  8  9 10 |
---------------+-------------------------------+-----
Spellcasting   | 4 5 6 7 9 11 12 13 | 13.8
Conjurations   | 5 6 7 8 10 11 12 | 12.2
Shields        | 3 5 |  5.0
Charms         | 5 |  5.8
Dodging        | |  2.4
Stealth        | |  2.4

Action                   |  1- 3 |  4- 6 |  7- 9 | 10-12 || total
-------------------------+-------+-------+-------+-------++-------
Melee: Dagger            |    20 |    30 |     5 |       ||    55
 Cast: Magic Dart        |    60 |   154 |   212 |    61 ||   487
       Iskenderun's Myst |       |    14 |    66 |    17 ||    97
       Iskenderun's Batt |       |       |       |    11 ||    11
  Use: Scroll            |       |     3 |    13 |     2 ||    18
       Potion            |       |     1 |     1 |     1 ||     3
 Stab: Sleeping          |     2 |     4 |       |       ||     6
  Eat: Chunk             |     3 |    13 |    10 |     3 ||    29
       Bread ration      |       |       |     1 |       ||     1
       Beef jerky        |       |       |     1 |       ||     1
       Meat ration       |       |       |     1 |       ||     1
Armor: Robe              |     7 |    10 |    11 |     2 ||    30
Dodge: Dodged            |    23 |    43 |    42 |    19 ||   127
